 Dungeon Crawl Stone Soup version 0.27.0-1-g7a089689b8 (webtiles) character file.

Game seed: 13979821166946576925

86 Spaninq the Ruffian (level 4, -1/36 HPs)
             Began as a Draconian Transmuter on Aug 6, 2021.
             Slain by Terence (3 damage)
             ... on level 3 of the Dungeon.
             The game lasted 00:04:32 (2454 turns).

Spaninq the Ruffian (Draconian Transmuter)          Turns: 2454, Time: 00:04:33

Health: -1/36      AC:  5    Str: 12    XL:     4   Next: 27%
Magic:  7/7        EV: 12    Int: 15    God:
Gold:   49         SH:  0    Dex: 11    Spells: 4/7 levels left

rFire    . . .     SeeInvis +     - Unarmed
rCold    . . .     Faith    .   (no shield)
rNeg     . . .     Spirit   .   (armour unavailable)
rPois    .         Reflect  .   (helmet restricted)
rElec    .         Harm     .   (no cloak)
rCorr    .         Rampage  .   (no gloves)
Will     .....                  (no boots)
Stlth    +.........             b - amulet of magic regeneration
HPRegen  0.12/turn              h - ring of see invisible
MPRegen  0.35/turn              (no ring)

@: no status effects
A: AC +5, unfitting armour, cold-blooded
a: no special abilities


You were on level 3 of the Dungeon.
You visited 1 branch of the dungeon, and saw 3 of its levels.

You collected 49 gold pieces.

Inventory:

Jewellery
 b - an amulet of magic regeneration (around neck)
 h - a ring of see invisible (left hand)
Scrolls
 c - a scroll of magic mapping {unknown}
 d - a scroll of enchant armour {unknown}
 e - a scroll of fear {unknown}
 f - a scroll of summoning {unknown}
 g - a scroll of noise {unknown}
Potions
 a - 2 potions of might {unknown}


   Skills:
 + Level 2.0 Fighting
 + Level 2.3 Dodging
 * Level 3.9 Unarmed Combat
 + Level 2.4 Spellcasting
 + Level 2.5 Transmutations


You had 4 spell levels left.
You knew the following spells:

 Your Spells              Type           Power      Damage    Failure   Level
a - Beastly Appendage     Tmut           18%        N/A       8%          1
b - Wereblood             Tmut           9%         N/A       12%         2

Your spell library contained the following spells:

 Spells                   Type           Power      Damage    Failure   Level
 Spider Form              Tmut/Pois      2%         N/A       36%         3
 Ignite Poison            Fire/Tmut/Pois 4%         N/A       41%         3
 Mephitic Cloud           Conj/Pois/Air  1%         N/A       54%         3
 Ice Form                 Ice/Tmut       5%         N/A       77%         4
 Bolt of Magma            Conj/Fire/Erth 0%         4d4       99%         5


Dungeon Overview and Level Annotations

Branches:
Dungeon (3/15)

Altars:
Zin

Annotations:
D:3 Terence


Innate Abilities, Weirdness & Mutations

Your plain brown scales are hard. (AC +5)
You cannot fit into any form of body armour.
You are cold-blooded and may be slowed by cold attacks.


Message History

Terence closely misses you.
You hit Terence but do no damage. Your kick misses Terence.
Terence is lightly wounded.
Terence hits you with a +2 flail of protection.
You closely miss Terence. You claw Terence, but do no damage.
Your tail-slap misses Terence.
Terence is lightly wounded.
Terence hits you with a +2 flail of protection!
* * * LOW HITPOINT WARNING * * *
You hit Terence but do no damage. You headbutt Terence, but do no damage.
Terence is lightly wounded.
Terence says, "Time to say good-bye..."
Terence closely misses you.
You barely miss Terence. Your headbutt misses Terence.
Terence is lightly wounded.
Terence closely misses you.
You closely miss Terence.
Terence is lightly wounded.
Terence closely misses you.
You hit Terence but do no damage.
Terence is lightly wounded.
Terence hits you with a +2 flail of protection.
* * * LOW HITPOINT WARNING * * *
Your transformation is almost over.
You closely miss Terence.
Terence is lightly wounded.
Terence closely misses you.
You hit Terence but do no damage. You claw Terence.
Your tail-slap misses Terence.
Terence is lightly wounded.
Your horns disappear.
Your talons disappear.
Terence closely misses you.
You closely miss Terence.
Terence is lightly wounded.
Terence hits you with a +2 flail of protection.
* * * LOW HITPOINT WARNING * * *
You hit Terence.
Terence is moderately wounded.
Terence hits you with a +2 flail of protection.
You die...

#. #.#.# #.##
#####...###># ##...
..##........#
...###.##...######
......##.†.#### #
#.##..##......#
##.##.##..##..###.#
#.......†.....# #.#
#..##.##..##@## #.#
.##..##.##..##@# #.#
............##.# #.#
#####...<.#.##.# #.#
#...........# #.#
...........#######.#
..##.#..............#
# ##....############
####.#


You could see Terence.

Vanquished Creatures
  A hound skeleton (D:2)
  2 adders (D:2)
  A gnoll (D:1)
  2 dart slugs (D:2)
  4 bats
  An endoplasm (D:2)
  3 giant cockroaches
  A hobgoblin (D:2)
  4 jackals (D:1)
  2 kobolds (D:2)
  5 quokkas
  3 ball pythons
  5 frilled lizards
  4 goblins
  3 rats
41 creatures vanquished.

Notes
Turn   | Place    | Note
-------+----------+-------------------------------------------
     0 | D:1      | Spaninq the Draconian Transmuter began the quest for the
                  | Orb.
     0 | D:1      | Reached XP level 1. HP: 16/16 MP: 3/3
   325 | D:1      | Reached XP level 2. HP: 20/23 MP: 3/5
   328 | D:1      | Learned a level 2 spell: Wereblood
  1256 | D:2      | Reached XP level 3. HP: 28/28 MP: 1/6
  1684 | D:2      | Reached XP level 4. HP: 25/36 MP: 5/7
  1834 | D:2      | Found a glowing silver altar of Zin.
  2351 | D:3      | Noticed Terence
  2454 | D:3      | Slain by Terence

Illustrated notes

Levels and vault maps discovered:
D:1:      nzn_arrival_water_spiral, layout_basic
D:2:      layout_loops_ring, basic_altar
D:3:      layout_loops_ring, uniq_sigmund, uniq_terence

Skill      XL: |  1  2  3 |
---------------+----------+-----
Dodging        | 2 |  2.3
Fighting       | 2 |  2.0
Unarmed Combat | |  3.9
Spellcasting   | |  2.4
Transmutations | |  2.5

Action                   |  1- 3 |  4- 6 || total
-------------------------+-------+-------++-------
Melee: Unarmed           |    91 |    41 ||   132
       Tailslap          |     9 |     2 ||    11
       Kick              |    12 |     7 ||    19
       Headbutt          |     8 |     6 ||    14
       Punch             |     1 |       ||     1
 Cast: Beastly Appendage |    21 |     9 ||    30
       Wereblood         |     4 |     2 ||     6
Armor: Skin              |    31 |    10 ||    41
Dodge: Dodged            |    67 |    27 ||    94
